 Dungeon Crawl Stone Soup version 0.30-a0-509-gd016549fea (webtiles) character file.

Game seed: 16767252977291932813

2643 Raultor the Transmogrifier (level 9, 0/69 HPs)
             Began as an Octopode Transmuter on Dec 22, 2022.
             Was an Initiate of the Shining One.
             Slain by a killer bee (7 damage)
             ... on level 7 of the Dungeon.
             The game lasted 00:19:09 (7234 turns).

Raultor the Transmogrifier (Octopode Transmuter)    Turns: 7234, Time: 00:19:10

Health: 0/69       AC:  4    Str:  9    XL:     9   Next: 62%
Magic:  0/12       EV: 10    Int: 20    God:    the Shining One [......]
Gold:   266        SH:  0    Dex: 12    Spells: 2/13 levels left

rFire   x . .      SeeInvis .      - Unarmed
rCold   + + +      Faith    .    (shield currently unavailable)
rNeg    . . .      Spirit   +    (helmet currently unavailable)
rPois   +          Reflect  .    r - amulet of guardian spirit
rElec   .          Harm     .    (no ring)
rCorr   .          Rampage  .    (no ring)
Will    .....                    (no ring)
Stlth   +.........               (no ring)
HPRegen 0.31/turn                (no ring)
MPRegen 0.13/turn                (no ring)
                                 (no ring)
                                 (no ring)

@: mighty, lethally poisoned (0 -> -6), ice-form, corroded, glowing, studying
Axes
A: freezing attack, boosted hp, almost no armour, amphibious, 8 rings, large,
(camouflage 1), (gelatinous body 1), (nimble swimmer 1), (tentacles)
a: End Transformation, Renounce Religion


You were on level 7 of the Dungeon.
You worshipped the Shining One.
The Shining One was noncommittal.
You were a creature of crystalline ice.
You visited 2 branches of the dungeon, and saw 8 of its levels.

You collected 508 gold pieces.
You spent 242 gold pieces at shops.


Innate Abilities, Weirdness & Mutations

You are a creature of crystalline ice.
You have a powerful freezing melee attack.
Your maximum health is increased.
Your armour is entirely melded.
You are incapable of wielding weapons or throwing items.
You cannot wear most types of armour.
You are amphibious.
You can wear up to eight rings at the same time.
((Your skin changes colour to match your surroundings (Stealth+).))
((Your rubbery body absorbs attacks. (AC +1, EV +1)))
((You are camouflaged when in or above water. (Stealth+)))
((You have tentacles for arms and can constrict up to eight enemies at once.))


   Skills:
 + Level 4.0 Fighting
 - Level 2.0 Dodging
 + Level 5.1 Unarmed Combat
 + Level 2.6 Spellcasting
 * Level 8.0 Transmutations
 - Level 7.0 Ice Magic
 * Level 2.4 Earth Magic
 + Level 2.6 Invocations


You had 2 spell levels left.
You knew the following spells:

 Your Spells              Type           Power      Damage    Failure   Level
b - Beastly Appendage     Tmut           68%        N/A       1%          1
c - Ice Form              Ice/Tmut       32%        N/A       7%          4
l - Leda's Liquefaction   Hex/Erth       3%         N/A       65%         4
w - Wereblood             Tmut           34%        N/A       1%          2

Your spell library contained the following spells:

 Spells                   Type           Power      Damage    Failure   Level
 Magic Dart               Conj           8%         1d3       16%         1
 Call Imp                 Summ           2%         N/A       22%         2
 Spider Form              Tmut/Pois      18%        N/A       9%          3
 Mephitic Cloud           Conj/Pois/Air  2%         N/A       41%         3
 Lee's Rapid Deconstruct  Erth           6%         3d6*      83%         5
 Statue Form              Tmut/Erth      15%        N/A       95%         6

Inventory:

Hand Weapons
 o - the +7 quarterstaff of the Glowing Soothsayer {flame, rCorr}
   (You found it on level 3 of the Dungeon)

   It burns those it strikes, dealing additional fire damage.
   rCorr:     It protects you from acid and corrosion.
Magical Staves
 p - a staff of air {!a}
Jewellery
 n - an amulet of faith {!P}
 r - an amulet of guardian spirit (around neck)
Wands
 s - a wand of mindburst (14)
 t - a wand of flame (15)
 u - a wand of paralysis (15)
Scrolls
 b - 3 scrolls of poison {unknown}
 e - 2 scrolls of enchant weapon {unknown}
 f - 7 scrolls of identify {unknown}
 i - 2 scrolls of magic mapping {unknown}
 j - a scroll of amnesia {unknown}
 k - a scroll of vulnerability {unknown}
 l - a scroll of blinking {unknown}
 m - 5 scrolls of teleportation {unknown}
 q - 2 scrolls of enchant armour {unknown}
 v - 2 scrolls of noise {unknown}
Potions
 c - a potion of attraction {unknown}
 d - a potion of might
 g - 3 potions of haste {@q3}
 x - 2 potions of flight {unknown}

Dungeon Overview and Level Annotations

Branches:
Dungeon (7/15)             Temple (1/1) D:6

Altars:
Ashenzari
Cheibriados
Elyvilon
Fedhas
Kikubaaqudgha
Makhleb
Nemelex Xobeh
Qazlal
Ru
Xom
Yredelemnul
Zin
The Shining One
Lugonu

Shops:
D:6

[(! .... #....#
..... #....######
......#.........#
......'.........#
......#.........#
......#####.....#
..........'.....#
..........#.....#
## ########yYy..#
#######


You could see 2 killer bees.


Message History

The jelly hits you.
* * * LOW HITPOINT WARNING * * *
You are splashed with acid!
* * * LOW HITPOINT WARNING * * *
You hit the jelly. You freeze the jelly.
Your front paws burn!
* * * LOW HITPOINT WARNING * * *
The jelly is heavily wounded.
The killer bee stings you.
* * * LOW HITPOINT WARNING * * *
The killer bee stings you.
* * * LOW HITPOINT WARNING * * *
You punch the jelly! You freeze the jelly. The acid corrodes you!
Your front paws burn!
* * * LOW HITPOINT WARNING * * *
The jelly is almost dead.
The killer bee stings you but does no damage.
The killer bee stings you.
* * * LOW HITPOINT WARNING * * *
You are poisoned.
The killer bee poisons you! The jelly barely misses you.
The killer bee closely misses you. x2
Okay, then.
You punch the jelly! You freeze the jelly.
You kill the jelly!
* * * LOW HITPOINT WARNING * * *
You feel sick.
The killer bee stings you but does no damage.
The killer bee misses you. The killer bee barely misses you.
The killer bee stings you!
You die...

Skill      XL: |  1  2  3  4  5  6  7  8  9 |
---------------+----------------------------+-----
Ice Magic      | 1 2 3 4 6 7 |  7.0
Transmutations | 3 4 5 6 7 8 |  8.0
Fighting       | 2 3 4 |  4.0
Unarmed Combat | 4 5 |  5.1
Invocations    | 1 2 |  2.6
Earth Magic    | 2 |  2.4
Dodging        | |  2.0
Spellcasting   | |  2.6

Action                   |  1- 3 |  4- 6 |  7- 9 || total
-------------------------+-------+-------+-------++-------
Melee: Unarmed           |    77 |    53 |   124 ||   254
       Kick              |    21 |    12 |       ||    33
       Constrict         |    19 |    17 |    10 ||    46
       Tentacles         |    10 |    13 |    11 ||    34
       Punch             |     3 |     1 |       ||     4
       Quarterstaff      |       |    34 |    68 ||   102
 Cast: Beastly Appendage |    16 |    10 |     2 ||    28
       Wereblood         |     1 |     2 |     6 ||     9
       Ice Form          |       |       |    21 ||    21
  Use: Potion            |       |     1 |     7 ||     8
 Stab: Sleeping          |     7 |     7 |     1 ||    15
Armor: Skin              |     6 |    11 |   115 ||   132
Dodge: Dodged            |    47 |    47 |   100 ||   194

Levels and vault maps discovered:
D:1:      amcnicky_arrival_single_pillar, layout_basic, serial_curves,
          eino_curves_02, eino_curves_02
D:2:      kb_forest_paths, layout_basic
D:3:      minmay_general_purpose_star, layout_loops_ring,
          chequers_decorated_corner
D:4:      layout_loops_cross, kennysheep_minor_cross, minmay_misc_feat_x,
          uniq_menkaure
D:5:      layout_basic, good_gods_temple_1, lemuel_flamethrower_1, uniq_pikel
D:6:      wad_lake_hut, layout_basic, nemelex_xobeh_ov_fountains_minmay,
          minmay_temple_entry_waves, serial_shops, shop, shop,
          nicolae_shop_bloodbath_and_beyond
D:7:      minmay_chambers_of_fours, layout_gridville, chequers_jeans,
          grunt_decor_junction
Temple:   kb_corrupted_temple

Notes
Turn   | Place    | Note
-------+----------+-------------------------------------------
     0 | D:1      | Raultor the Octopode Transmuter began the quest for the
                  | Orb.
     0 | D:1      | Reached XP level 1. HP: 13/13 MP: 3/3
   238 | D:1      | Reached skill level 1 in Ice Magic
   238 | D:1      | Reached XP level 2. HP: 15/18 MP: 3/5
   244 | D:1      | Learned a level 2 spell: Wereblood
   678 | D:1      | Reached XP level 3. HP: 21/23 MP: 6/6
  1272 | D:2      | Reached skill level 3 in Transmutations
  1272 | D:2      | Reached skill level 2 in Ice Magic
  1613 | D:2      | Reached XP level 4. HP: 22/28 MP: 5/7
  1724 | D:2      | Learned a level 4 spell: Ice Form
  2301 | D:3      | Identified the +2 pair of boots "Ryasotha" {rC- Str+4 Int+3
                  | SInv}
  2567 | D:3      | Identified the +7 quarterstaff of the Glowing Soothsayer
                  | {flame, rCorr}
  2900 | D:4      | Reached skill level 3 in Ice Magic
  2900 | D:4      | Reached XP level 5. HP: 28/33 MP: 8/8
  2952 | D:4      | Identified the +0 ring mail of the Depths {rElec Will++
                  | rCorr Stlth-}
  2962 | D:4      | Reached skill level 4 in Transmutations
  2988 | D:4      | Reached skill level 4 in Ice Magic
  2988 | D:4      | Reached XP level 6. HP: 38/38 MP: 9/9
  3050 | D:4      | Noticed Menkaure
  3060 | D:4      | Killed Menkaure
  3061 | D:4      | Reached skill level 5 in Transmutations
  3316 | D:5      | Entered Level 5 of the Dungeon
  3323 | D:4      | Reached XP level 7. HP: 39/43 MP: 7/10
  3404 | D:4      | You fall into a shaft and drop 3 floors!
  3511 | D:6      | Reached skill level 5 in Ice Magic
  3623 | D:6      | Found Keur's Weapon Shoppe.
  4393 | D:5      | Noticed Pikel
  4410 | D:5      | Killed Pikel
  4411 | D:5      | Reached skill level 2 in Fighting
  4411 | D:5      | Reached skill level 4 in Unarmed Combat
  4411 | D:5      | Reached skill level 6 in Transmutations
  4411 | D:5      | Reached skill level 6 in Ice Magic
  4411 | D:5      | Reached XP level 8. HP: 20/51 MP: 3/11
  4601 | D:5      | Found a glowing silver altar of Zin.
  4615 | D:5      | Found a glowing golden altar of the Shining One.
  4616 | D:5      | Found a white marble altar of Elyvilon.
  4618 | D:5      | Reached skill level 3 in Fighting
  4622 | D:5      | Became a worshipper of the Shining One
  4752 | D:5      | Reached skill level 7 in Transmutations
  4763 | D:5      | Reached skill level 1 in Invocations
  5247 | D:6      | Found a sparkling altar of Nemelex Xobeh.
  5256 | D:6      | Found a staircase to the Ecumenical Temple.
  5262 | Temple   | Entered the Ecumenical Temple
  5580 | D:6      | Reached XP level 9. HP: 17/57 MP: 2/12
  5590 | D:6      | HP: 6/68 [kobold brigand/+0 whip (2)]
  5593 | D:6      | Reached skill level 7 in Ice Magic
  5593 | D:6      | Found Ennuc's Antique Armour Boutique.
  5858 | D:6      | Found Plog's Distillery.
  5866 | D:6      | Bought a potion of curing for 33 gold pieces
  5866 | D:6      | Bought a potion of haste for 110 gold pieces
  5866 | D:6      | Bought a potion of might for 44 gold pieces
  5866 | D:6      | Bought a potion of heal wounds for 55 gold pieces
  5983 | D:6      | Learned a level 4 spell: Leda's Liquefaction
  6008 | D:6      | Reached skill level 2 in Invocations
  6012 | D:6      | Reached skill level 1 in Earth Magic
  6187 | D:6      | Reached skill level 5 in Unarmed Combat
  6291 | D:6      | HP: 3/69 [electric eel/bolt of electricity (7)]
  6824 | D:7      | Reached skill level 2 in Earth Magic
  7064 | D:6      | HP: 6/87 [killer bee (4)]
  7070 | D:6      | Reached skill level 4 in Fighting
  7078 | D:6      | Reached skill level 8 in Transmutations
  7234 | D:7      | Slain by a killer bee

Vanquished Creatures
  Pikel (D:5)
  A steam dragon (D:6)
  Menkaure (D:4)
  A water moccasin (D:6)
  A sky beast (D:6)
  An ogre (D:5)
  A kobold brigand (D:6)
  A bullfrog (D:6)
  A necrophage (D:6)
  4 scorpions
  5 wights (D:6)
  3 killer bees (D:6)
  3 electric eels (D:6)
  2 jellies
  4 hounds
  A gnoll bouda (D:5)
  2 iguanas
  3 orc priests
  5 orc wizards
  8 gnolls
  10 adders
  A white imp (D:6)
  A worm (D:4)
  2 dart slugs (D:5)
  13 orcs
  3 ball pythons
  7 bats
  8 endoplasms
  4 giant cockroaches
  7 goblins
  5 hobgoblins
  8 jackals
  8 kobolds
  5 quokkas
  3 frilled lizards
  4 rats
138 creatures vanquished.

Vanquished Creatures (others)
  A kobold (D:6)
1 creature vanquished.

Grand Total: 139 creatures vanquished

Table legend: (Time is in decaauts)
 A = Elapsed time spent in this place.
 B = Non-inter-level travel time spent in this place.
 C = Inter-level travel time spent in this place.
 D = Time resting spent in this place.
 E = Time spent auto-exploring this place.
 F = Levels seen in this place.
 G = Mean time per level.
                   A        B        C        D        E       F      G
               +--------+--------+--------+--------+--------+-----+--------+
         Total |   7254 |   7013 |    241 |   1052 |   4632 |   8 |  906.8 |
       Dungeon |   6780 |   6557 |    223 |    749 |   4508 |   7 |  968.6 |
        Temple |    473 |    455 |     18 |    303 |    124 |   1 |  473.0 |
               +--------+--------+--------+--------+--------+-----+--------+

Top non-repeatable levels by time:
     D:6: 1775 daAuts
     D:1: 1231 daAuts
     D:4: 1012 daAuts
     D:3: 970 daAuts
     D:5: 814 daAuts
     D:2: 785 daAuts
  Temple: 473 daAuts
     D:7: 192 daAuts

Table legend:
 A = Non-vault XP
 B = Vault XP
 C = Vault XP percentage of total XP
 D = Non-vault monster count
 E = Vault monster count
 F = Vault count percentage of total count
                 A         B        C        D         E       F
            +---------+---------+-------+---------+---------+-------
      Total |    2961 |     860 |  22.5 |     127 |      11 |   8.0
            +---------+---------+-------+---------+---------+-------
        D:1 |      39 |       0 |   0.0 |      22 |       0 |   0.0
        D:2 |      42 |      23 |  35.4 |      11 |       6 |  35.3
        D:3 |      55 |       5 |   8.3 |      14 |       3 |  17.6
        D:4 |     351 |     169 |  32.5 |      21 |       1 |   4.5
        D:5 |     596 |     663 |  52.7 |      20 |       1 |   4.8
        D:6 |    1636 |       0 |   0.0 |      32 |       0 |   0.0
        D:7 |     242 |       0 |   0.0 |       7 |       0 |   0.0
            +---------+---------+-------+---------+---------+-------
